 Dungeon Crawl Stone Soup version 0.25-a0-591-g2ad0d861f1 (webtiles) character file.

Game seed: 9071276195141058534, levelgen mode: deterministic

120 Esekla the Ducker (level 4, -2/18 HPs)
             Began as a Spriggan Artificer on Mar 14, 2020.
             Slain by an orc
             ... wielding a +0 falchion
              (7 damage)
             ... on level 3 of the Dungeon.
             The game lasted 00:16:34 (3003 turns).

Esekla the Ducker (Spriggan Artificer)              Turns: 3003, Time: 00:16:35

Health: -2/18      AC:  2    Str:  8    XL:     4   Next: 75%
Magic:  8/8        EV: 20    Int: 13    God:
Gold:   118        SH:  0    Dex: 16    Spells: 7/7 levels left

rFire    . . .     SeeInvis +   a - +0 short sword
rCold    + . .     Gourm    .   (shield restricted)
rNeg     . . .     Faith    .   b - +0 robe
rPois    .         Spirit   .   (helmet restricted)
rElec    .         Reflect  .   (no cloak)
rCorr    .         Harm     .   (gloves unavailable)
MR       .....     Clarity  +   (boots unavailable)
Stlth    ++........             (no amulet)
HPRegen  0.06/turn              m - ring of wizardry
MPRegen  0.11/turn              (no ring)

@: very quick
A: very small, unfitting armour, see invisible, clarity, cold resistance 1,
herbivore, speed 3, frail 1, slow metabolism 2
a: no special abilities


You were on level 3 of the Dungeon.
You were not hungry.

You visited 1 branch of the dungeon, and saw 3 of its levels.

You collected 118 gold pieces.

Inventory:

Hand Weapons
 a - a +0 short sword (weapon)
Missiles
 s - 2 boomerangs (quivered)
Armour
 b - a +0 robe (worn)
 p - a +0 leather armour
Jewellery
 m - a ring of wizardry (left hand)
Wands
 c - a wand of flame (13)
 e - a wand of random effects (15)
Scrolls
 g - 2 scrolls of teleportation
 h - 2 scrolls of magic mapping {unknown}
 i - a scroll of remove curse {unknown}
 j - a scroll of fear {unknown}
 n - 2 scrolls of identify {unknown}
 o - a scroll of amnesia {unknown}
 q - a scroll of enchant weapon {unknown}
 t - 2 scrolls of immolation {unknown}
 u - a scroll of noise {unknown}
Potions
 d - a potion of stabbing {unknown}
 k - a potion of mutation
 l - 3 potions of curing
Comestibles
 f - 8 rations


   Skills:
 - Level 0.7 Fighting
 * Level 2.9 Short Blades
 * Level 5.2 Dodging
 + Level 2.2 Stealth
 * Level 2.2 Spellcasting
 - Level 4.0 Evocations


You had 7 spell levels left.
You didn't know any spells.
Your spell library was empty.

Dungeon Overview and Level Annotations

Branches:
Dungeon (3/15)

Altars:
Nemelex Xobeh
Okawaru
Qazlal
Ru
Wu Jian

Annotations:
D:2 Robin, Terence


Innate Abilities, Weirdness & Mutations

You are very small and have problems with some larger weapons.
You are too small for most types of armour.
You have supernaturally acute eyesight. (SInv)
You are a herbivore.
You cover ground extremely quickly.
You need to consume almost no food.
You possess an exceptional clarity of mind.
Your flesh is cold resistant. (rC+)
You are frail. (-10% HP)


Message History

The orc is severely wounded.
You hit the orc but do no damage.
The orc is severely wounded.
The orc hits you.
You hit the orc but do no damage.
The orc is severely wounded.
The orc completely misses you.
You hit the orc but do no damage.
The orc is severely wounded.
The orc completely misses you.
You hit the orc.
You kill the orc!
You hit the orc.
The orc is lightly wounded.
The orc hits you with a +0 falchion.
* * * LOW HITPOINT WARNING * * *
You hit the orc.
The orc is heavily wounded.
The orc hits you with a +0 falchion!
You die...

####### ########### #.....#
#.........#
#####.....###.#######.#
#####...................#.#
..............###.#####.#.#
....#..#..(...###.#####.#.#
....#...#.#.#.oo@.....#.#.#
...(..((.(>...###.#.....#.#
w.......#.#..####.#.#.###.#
....###....#.###..........#
###.# #..#............##..#
# #.###......###......##†.#
# #.......##.# #..........#
# ###...####.# #.#....##.##
#...# #.# #.##.#.##.#


You could see 2 orcs.

Vanquished Creatures
  2 adders (D:3)
  3 gnolls (D:3)
  An ooze (D:1)
  5 dart slugs (D:1)
  2 leopard geckos
  An orc (D:3)
  A giant cockroach (D:3)
  10 goblins
  5 hobgoblins
  A ball python (D:3)
  10 bats
  4 frilled lizards
  9 kobolds
  2 rats
56 creatures vanquished.

Vanquished Creatures (others)
  A rat (D:3)
1 creature vanquished.

Grand Total: 57 creatures vanquished

Notes
Turn   | Place    | Note
-------+----------+-------------------------------------------
     0 | D:1      | Esekla the Spriggan Artificer began the quest for the Orb.
     0 | D:1      | Reached XP level 1. HP: 9/9 MP: 4/4
    30 | D:1      | Reached skill level 1 in Spellcasting
   371 | D:2      | Noticed Terence
   408 | D:1      | Reached XP level 2. HP: 14/14 MP: 6/6
   759 | D:1      | Reached skill level 4 in Dodging
   844 | D:1      | Reached XP level 3. HP: 9/17 MP: 7/7
  1820 | D:2      | Noticed Robin
  2570 | D:3      | Reached XP level 4. HP: 7/21 MP: 8/8
  2628 | D:3      | Gained mutation: You possess an exceptional clarity of
                  | mind. [potion of mutation]
  2628 | D:3      | Gained mutation: You are frail. (-10% HP) [potion of
                  | mutation]
  2628 | D:3      | Gained mutation: Your flesh is cold resistant. (rC+)
                  | [potion of mutation]
  2710 | D:3      | Found an iron altar of Okawaru.
  2710 | D:3      | Found a sparkling altar of Nemelex Xobeh.
  2710 | D:3      | Found an ornate altar of the Wu Jian Council.
  2712 | D:3      | Found a sacrificial altar of Ru.
  2729 | D:3      | Found a stormy altar of Qazlal.
  2852 | D:3      | Reached skill level 5 in Dodging
  3003 | D:3      | Slain by an orc

Levels and vault maps discovered:
D:1:      mushboom_english_gardens, layout_rooms, minmay_bisected
D:2:      minmay_wonky_spiral, layout_basic,
          grunt_temple_overflow_order_and_chaos_2, serial_bayou_pond_d,
          serial_bayou_pond_e, minmay_heptomino_w4, uniq_robin, uniq_natasha,
          uniq_terence, uniq_sigmund
D:3:      layout_loops_ring, chequers_temple_overflow_statue_of_worship,
          grunt_qazlal_clouds, first_ration

Skill      XL: |  1  2  3  4 |
---------------+-------------+-----
Spellcasting   | 1 2 |  2.2
Dodging        | 4 5 |  5.2
Short Blades   | 2 |  2.9
Stealth        | 2 |  2.2
Fighting       | |  0.7
Evocations     | |  4.0

Action                   |  1- 3 |  4- 6 || total
-------------------------+-------+-------++-------
Melee: Short sword       |   230 |    62 ||   292
Throw: Dart              |       |    15 ||    15
       Boomerang         |       |     1 ||     1
Evoke: Wand              |     2 |       ||     2
  Use: Potion            |     1 |     2 ||     3
       Scroll            |     1 |       ||     1
 Stab: Sleeping          |     1 |       ||     1
       Distracted        |       |     1 ||     1
Armor: Robe              |    27 |     3 ||    30
Dodge: Dodged            |   266 |    54 ||   320

Table legend:
 A = Non-vault XP
 B = Vault XP
 C = Vault XP percentage of total XP
 D = Non-vault monster count
 E = Vault monster count
 F = Vault count percentage of total count
                 A         B        C        D         E       F
            +---------+---------+-------+---------+---------+-------
      Total |     157 |      15 |   8.7 |      49 |       7 |  12.5
            +---------+---------+-------+---------+---------+-------
        D:1 |      61 |      11 |  15.3 |      27 |       5 |  15.6
        D:2 |       5 |       4 |  44.4 |       4 |       2 |  33.3
        D:3 |      91 |       0 |   0.0 |      18 |       0 |   0.0
            +---------+---------+-------+---------+---------+-------
